[Event "24th Hoogeschool Zeeland 2022"]
[Site "Vlissingen"]
[Date "2022.08.11"]
[Round "7.5"]
[White "Beerdsen, Thomas"]
[Black "Royal, Shreyas"]
[Result "1-0"]
[ECO "C52"]
[WhiteElo "2500"]
[BlackElo "2353"]
[Annotator "TA"]
[PlyCount "71"]
[EventDate "2022.08.05"]
[EventType "swiss"]
[EventCountry "NED"]
[SourceTitle "playchess.com"]
[Source "ChessBase"]
[SourceQuality "1"]
[TimeControl "40/5400+30:1800+30"]

1. e4 e5 2. Nf3 Nc6 3. Bc4 Bc5 4. b4 Bxb4 5. c3 Ba5 6. d4 $1 b5 {[%emt 0:00:42] 6...d6 is the modern continuation. C52: Evans Gambit Accepted: 5 c3 Ba5.} 7. Bxb5 {[%emt 0:01:01] aiming for Bg5.} Nxd4 $1 8. Nxd4 exd4 {[%emt 0:00:06] The position is equal.} 9. O-O dxc3 (9... c6 $11 {remains equal.} 10. Bc4 Ne7) 10. Bc4 $1 $16 Ne7 {[%emt 0:15:30] [#] Inhibits Qd5.} 11. Bxf7+ {[%emt 0:00:08][%mdl 64] Decoy} Kxf7 12. Qh5+ Kg8 {[%emt 0:02:58] ...d5 is the strong threat.} 13. Qxa5 h6 {[%emt 0:00:28] [#] Against Bg5} 14. Nxc3 $146 ({Predecessor:} 14. Bf4 d6 15. Nxc3 Kh7 16. Nb5 Rf8 17. Bg3 Bd7 18. Rac1 a6 19. Nc3 Nc6 20. Qa3 {½-½ (52) Feliciano Ebert,V (2200)-Rothebarth,A (2039) Rio de Janeiro 2017}) 14... Kh7 15. Ba3 d6 16. Rad1 Bb7 17. f4 Re8 18. Bb2 Qd7 19. Rd3 Ng8 20. e5 {[%emt 0:11:11] Inhibits Nf6.} Ne7 21. Nb5 Qc6 {[%emt 0:01:44] [#]} (21... Rac8 $11 {keeps the balance.}) 22. Rg3 {[%emt 0:02:54] Active counter play!} ({Better is} 22. Rd2 $1 $16 Qc5+ 23. Bd4) 22... Nf5 23. Nd4 $1 Nxd4 24. Bxd4 {[%emt 0:00:04] And now e6 would win.} dxe5 25. Bxe5 Re7 26. Qa3 Rd7 27. h3 Rg8 (27... Qa6 $14) 28. Rc1 Qe4 (28... Qe6 $16 {was worth a try.}) 29. Rxc7 $18 ({And not} 29. Qxa7 Rd2 30. Kh1 Rxg2 31. Qxb7 Qxb7 $17) 29... Rxc7 30. Bxc7 g5 $2 (30... Qd4+ {is tougher.} 31. Kh2 Be4) 31. Be5 Re8 {[%emt 0:01:26] Inhibits Qe7+.} 32. Qxa7 ({Much less strong is} 32. Qd6 Qc6 33. Qd3+ Kg8 $18) 32... Re7 (32... Qd5 $142 33. Qb6 Bc6) 33. Qb8 {[%emt 0:01:20] Threatening mate with Qh8+.} Rd7 34. Qh8+ {[%emt 0:00:18] White mates.} Kg6 35. Qg8+ Kf5 {[%emt 0:00:16] [#]} 36. Rxg5+ $1 {[%emt 0:00:05][%mdl 512] Weighted Error Value: White=0.10 (very precise) /Black=0.56} 1-0

[Event "24th Hoogeschool Zeeland 2022"]
[Site "Vlissingen"]
[Date "2022.08.11"]
[Round "7.6"]
[White "Vrolijk, Liam"]
[Black "Ikonnikov, Vyacheslav"]
[Result "1/2-1/2"]
[ECO "E01"]
[WhiteElo "2464"]
[BlackElo "2493"]
[Annotator "TA"]
[PlyCount "87"]
[EventDate "2022.08.05"]
[EventType "swiss"]
[EventCountry "NED"]
[SourceTitle "playchess.com"]
[Source "ChessBase"]
[SourceQuality "1"]
[TimeControl "40/5400+30:1800+30"]

1. d4 Nf6 2. c4 e6 3. g3 d5 4. Bg2 Nc6 5. Nf3 Bd6 6. O-O O-O $1 {[%emt 0:00:19] 6...0-0 scores better than 6...dxc4. E01: Catalan: Early deviations.} 7. b3 h6 8. Bb2 b6 {[%emt 0:01:10] White is slightly better.} 9. Nc3 Bb7 10. e3 Re8 11. Qe2 {[%emt 0:02:24] [#]} Rb8 $146 ({Predecessor:} 11... a6 12. Rfd1 Ra7 13. Rac1 b5 14. Ra1 bxc4 15. bxc4 dxc4 16. Rab1 Nd5 17. Nd2 Na5 18. Nxc4 Nxc4 19. Qxc4 {½-½ (36) Olivas Montiel,C (2078)-Kolanek,R (2164) LSS email 2013}) 12. Rfd1 Na5 13. Rac1 a6 14. c5 Bf8 15. Ne5 Nd7 16. Nd3 (16. e4 $5 ) 16... Nc6 17. b4 bxc5 18. dxc5 Ba8 19. a3 Qc8 20. f4 d4 ({Black should try} 20... Nf6 $14) 21. Na2 (21. Ne4 $16) 21... dxe3 $1 $11 22. Qxe3 a5 23. g4 axb4 (23... e5 {is interesting.} 24. fxe5 Ncxe5 25. Bxa8 Rxa8 26. Bxe5 f6) 24. Naxb4 Nxb4 25. axb4 {[%emt 0:00:29] [#] Hoping for c6.} Bxg2 26. Kxg2 e5 27. fxe5 Nf6 $1 28. Qf3 {[%emt 0:04:50] Active counter play!} Qxg4+ 29. Qxg4 Nxg4 30. Re1 {[%emt 0:02:36] Prevents Ne3+.} Red8 31. Rcd1 h5 32. Bc3 Rd5 (32... Ra8 $5 ) 33. Nf2 Rxd1 34. Nxd1 Rd8 35. Nf2 {[%emt 0:03:16] Prevents Rd3.} Nxf2 36. Kxf2 {[%emt 0:00:07][%mdl 4096] Endgame KRB-KRB} Rd3 37. Re3 Rd8 38. e6 (38. Kf3 $16) 38... Re8 39. exf7+ Kxf7 {[%emt 0:00:05] The position is equal.} 40. Rf3+ Ke6 41. Rh3 g6 42. Re3+ Kf7 43. Rf3+ Ke7 44. Re3+ {[%emt 0:00:00] Weighted Error Value: White=0.15 (very precise) /Black=0.08 (flawless)} 1/2-1/2

[Event "24th Hoogeschool Zeeland 2022"]
[Site "Vlissingen"]
[Date "2022.08.11"]
[Round "7.7"]
[White "Grutter, Tim"]
[Black "Schoppen, Casper"]
[Result "1/2-1/2"]
[ECO "B91"]
[WhiteElo "2246"]
[BlackElo "2507"]
[Annotator "TA"]
[PlyCount "53"]
[EventDate "2022.08.05"]
[EventType "swiss"]
[EventCountry "NED"]
[SourceTitle "playchess.com"]
[Source "ChessBase"]
[SourceQuality "1"]
[TimeControl "40/5400+30:1800+30"]

1. e4 c5 2. Nf3 d6 3. d4 cxd4 4. Nxd4 Nf6 5. Nc3 a6 6. g3 e5 7. Nb3 Be7 8. Bg2 O-O 9. O-O b5 10. a4 {[%emt 0:00:05] B91: Sicilian Najdorf: 6 g3.} b4 11. Nd5 a5 12. Be3 {[%emt 0:09:24] Black must now prevent Bb6.} Nxd5 13. Qxd5 Ra6 14. Rfc1 Be6 15. Qd3 Ra8 16. f4 {[%emt 0:06:00] [#]} Nd7 $146 ({Predecessor:} 16... exf4 17. gxf4 Nd7 18. Kh1 Re8 19. Nd4 Nc5 20. Nxe6 Nxe6 21. Rd1 Rc8 22. Qb5 Rxc2 {½-½ (59) Hall,M (2594)-Mendl,M (2536) ICCF email 2020}) 17. f5 Bxb3 18. cxb3 Bg5 19. Bxg5 Qxg5 20. Qxd6 Qe3+ 21. Kh1 Nf6 22. Qxe5 Ng4 $1 {[%emt 0:14:27] ( -> ...Nf2+)} 23. Qc5 ({Don't go for} 23. Qf4 $2 Nf2+ 24. Qxf2 Qxf2 $19) 23... Nf2+ 24. Kg1 Nh3+ $1 {[%emt 0:00:05][%mdl 64] [#] Discovered Attack (Double check). The position is equal.} 25. Kh1 $1 Nf2+ 26. Kg1 Nh3+ $1 {[%emt 0:00:12][%mdl 64] Discovered Attack (Double check)} 27. Kh1 {[%emt 0:00:38] Weighted Error Value: White=0.03 (flawless) /Black=0.01 (flawless)} 1/2-1/2

[Event "24th Hoogeschool Zeeland 2022"]
[Site "Vlissingen"]
[Date "2022.08.11"]
[Round "7.8"]
[White "Dhulipalla Bala Chandra Prasad"]
[Black "De Jong, Tom"]
[Result "1-0"]
[ECO "D30"]
[WhiteElo "2423"]
[BlackElo "2203"]
[Annotator "TA"]
[PlyCount "77"]
[EventDate "2022.08.05"]
[EventType "swiss"]
[EventCountry "NED"]
[SourceTitle "playchess.com"]
[Source "ChessBase"]
[SourceQuality "1"]
[TimeControl "40/5400+30:1800+30"]

1. d4 d5 2. Nf3 c5 3. c4 e6 4. cxd5 exd5 5. g3 Nc6 6. Bg2 cxd4 7. Nxd4 Bc5 {[%emt 0:00:40] D30: Queen's Gambit Declined: Systems without Nc3.} 8. Nb3 {[%emt 0:00:59][%csl LRc5,LRd5] 8.Nb3 has lost popularity.} Bb6 9. Nc3 ({Much weaker is} 9. Qxd5 Qxd5 10. Bxd5 Nb4 $17) (9. Bxd5 Nb4 10. Bf3 Qxd1+ 11. Kxd1 Be6 $11) 9... Nf6 {[%emt 0:01:23] White has an edge.} 10. O-O ({But not} 10. Bxd5 Nb4 11. Bf3 Qxd1+ 12. Kxd1 O-O $11) 10... d4 11. Na4 O-O 12. Bg5 h6 13. Bxf6 Qxf6 14. Nxb6 axb6 15. Bxc6 bxc6 16. Qxd4 Rd8 17. Qxb6 {[%emt 0:39:13] [#]} Bg4 $146 ({Predecessor:} 17... Ba6 18. Rfe1 Qxb2 19. Qxc6 Rdc8 20. Qf3 Re8 21. e3 Bd3 22. Qd1 Bc2 23. Re2 Bxd1 24. Rxb2 {1-0 (41) Tsvetkov,A (2394)-Mischuk,D (2364) Cheliabinsk 2021}) 18. f3 Bh3 {[%emt 0:08:17] Strongly threatening ...Rdb8.} 19. Rfb1 Bf5 {[%emt 0:06:58] [#]} 20. Rd1 Rxd1+ 21. Rxd1 Rxa2 22. Qd8+ Qxd8 23. Rxd8+ $16 {[%emt 0:00:08][%mdl 4096] Endgame KRB-KRN} Kh7 24. Rd2 Kg6 25. Kf2 Kf6 26. Ke3 Ra4 27. Nd4 Bd7 {[%emt 0:01:05] [#]} (27... Rc4 $16 28. Nxf5 Kxf5) 28. Nxc6 $1 $18 Bxc6 {[%emt 0:01:30] KRB-KR} 29. Rd6+ Ke5 30. Rxc6 {[%emt 0:00:15] KR-KR} Rb4 31. Rc5+ Kd6 32. Rc2 g5 33. Kd3 f5 34. Kc3 Ra4 35. Rd2+ Ke5 $2 (35... Kc5 36. Rd8 Rc4+ 37. Kd3 Rb4) 36. b4 {[%emt 0:02:03][%cal Bb2b4,Bb4b5,Bb5b6][%mdl 32] White is clearly winning.} g4 37. fxg4 fxg4 38. b5 Ke4 39. b6 {[%emt 0:00:37] Weighted Error Value: White=0.03 (flawless) /Black=0.19 (very precise)} 1-0

[Event "24th Hoogeschool Zeeland 2022"]
[Site "Vlissingen"]
[Date "2022.08.11"]
[Round "7.9"]
[White "Stillger, Bernhard"]
[Black "Van Delft, Merijn"]
[Result "1/2-1/2"]
[ECO "E92"]
[WhiteElo "2245"]
[BlackElo "2383"]
[Annotator "RC"]
[PlyCount "60"]
[EventDate "2022.08.05"]
[EventType "swiss"]
[EventCountry "NED"]
[SourceTitle "playchess.com"]
[Source "ChessBase"]
[SourceQuality "1"]
[TimeControl "40/5400+30:1800+30"]

1. d4 Nf6 2. Nf3 g6 3. c4 Bg7 4. Nc3 O-O 5. e4 d6 6. Be2 e5 7. dxe5 dxe5 8. Qxd8 Rxd8 9. Bg5 Re8 10. Nd5 Nxd5 11. cxd5 c6 12. Bc4 cxd5 13. Bxd5 Nd7 14. Nd2 Nc5 15. O-O-O Be6 16. Bxe6 Nxe6 17. Be3 f5 18. f3 Nf4 19. Bxf4 exf4 20. Rhe1 Rac8+ 21. Kb1 Rcd8 22. Kc2 Rc8+ 23. Kb1 Rcd8 24. Kc2 Re6 25. exf5 Rc6+ 26. Kb1 Rcd6 27. Kc2 Rc6+ 28. Kb1 Rcd6 29. Kc2 Rc8+ 30. Kb1 Rcd8 1/2-1/2

[Event "24th Hoogeschool Zeeland 2022"]
[Site "Vlissingen"]
[Date "2022.08.11"]
[Round "7.10"]
[White "Pham, Khoi"]
[Black "Lohr, Maximilian"]
[Result "1/2-1/2"]
[ECO "B11"]
[WhiteElo "2317"]
[BlackElo "2092"]
[Annotator "TA"]
[PlyCount "46"]
[EventDate "2022.08.05"]
[EventType "swiss"]
[EventCountry "NED"]
[SourceTitle "playchess.com"]
[Source "ChessBase"]
[SourceQuality "1"]
[TimeControl "40/5400+30:1800+30"]

1. e4 c6 2. Nf3 d5 3. Nc3 dxe4 4. Nxe4 Nf6 5. Qe2 Nxe4 6. Qxe4 Nd7 {[%emt 0:00:49] B11: Caro-Kann: Two Knights Variation.} 7. Bc4 {[%emt 0:00:43] And now Ng5 would win.} Nf6 {[%emt 0:00:35] [#]} 8. Ne5 $1 e6 {[%emt 0:00:28] White has an edge.} 9. Qe2 Be7 10. O-O {[%emt 0:03:11] 10.c3 is the fancy move.} O-O 11. a4 c5 {[%emt 0:09:11] [#]} 12. b3 $146 ({Predecessor:} 12. Ra3 Nd7 13. Rh3 Nxe5 14. Qxe5 g6 15. Rd3 Qb6 16. b3 Rd8 17. Rxd8+ Bxd8 18. Ba3 {½-½ (89) Van der Wiel,J (2555)-Boersma,P (2405) Hilversum 1986}) 12... Nd7 (12... Qd4 $11 13. c3 Qe4) 13. Bb2 {[%emt 0:13:09][%cal Oe5f7] White is much more active. The black rooks are badly placed.} (13. Nxf7 {is interesting.} Rxf7 14. Qxe6 Qe8 15. Re1) 13... Nxe5 14. Bxe5 ({Avoid the trap} 14. Qxe5 $2 Bf6 15. Qxc5 Bxb2 $19) 14... Bf6 15. f4 (15. d4 $14) 15... Bd7 16. Rae1 Bc6 (16... a6 $11) 17. Qf2 (17. f5 {looks sharper.} Bxe5 18. Qxe5 exf5 19. Rxf5 Qxd2 20. Rf2) 17... Bh4 (17... g6 $11 {remains equal.}) 18. g3 $16 Bf6 19. f5 exf5 20. Bxf6 Qxf6 21. Qxc5 (21. Qxf5 $16 Qd4+ 22. Rf2 (22. Qf2 Qd6 $14)) 21... g6 $1 $11 22. d4 Rfd8 (22... Bxa4 $5 23. Qe5 (23. bxa4 Rac8 $15) 23... Qxe5 24. Rxe5 Bc6 $11) 23. d5 Bxd5 {[%emt 0:00:31] Weighted Error Value: White=0.21 (precise) /Black=0.21 (precise)} 1/2-1/2

[Event "24th Hoogeschool Zeeland 2022"]
[Site "Vlissingen"]
[Date "2022.08.11"]
[Round "7.11"]
[White "Mensing, Adrian"]
[Black "Sorbe, Stephane"]
[Result "0-1"]
[ECO "D72"]
[WhiteElo "1956"]
[BlackElo "2352"]
[Annotator "TA"]
[PlyCount "78"]
[EventDate "2022.08.05"]
[EventType "swiss"]
[EventCountry "NED"]
[SourceTitle "playchess.com"]
[Source "ChessBase"]
[SourceQuality "1"]
[TimeControl "40/5400+30:1800+30"]

1. d4 Nf6 2. c4 g6 3. g3 d5 4. cxd5 Nxd5 5. e4 Nb6 6. Bg2 Bg7 7. Ne2 O-O 8. O-O a5 {[%emt 0:02:21] D72: Fianchetto Grünfeld: 5 cxd5 Nxd5 6 e4 Nb6 (without Nf3).} 9. Nbc3 a4 10. Bf4 c6 {[%emt 0:02:45] [#] White has an edge.} 11. Bxb8 $146 (11. Qc2 $14) ({Predecessor:} 11. h3 N8d7 12. e5 Nb8 13. Qc1 Na6 14. Bh6 Nb4 15. Rd1 Bf5 16. Bxg7 Kxg7 17. Nf4 {1-0 (41) King,D (2460)-Gutman,L (2460) Wuppertal 1986}) 11... Rxb8 $11 12. Nxa4 Nxa4 13. Qxa4 Qb6 14. Qc4 Qxb2 15. Rab1 Qa3 16. Rfd1 Be6 (16... Rd8 {is interesting.} 17. Nf4 Bg4 18. Rd3 b5) 17. Qc1 Qxa2 18. Nc3 Qa5 (18... Qa7 $5 19. Ra1 Qb6 $17) 19. Ra1 Qh5 {[%emt 0:03:14] Black is more active.} 20. Ra7 (20. Rb1 $17) 20... Rfd8 21. e5 Bg4 22. Rd2 Bf3 23. Qa3 (23. Bxf3 $17 {was worth a try.} Qxf3 24. Na4) 23... Qg5 $2 {[%emt 0:09:21] [#]} (23... Bxe5 $19 {is more deadly.} 24. Qxe7 Re8) 24. Rd3 Bxg2 25. Kxg2 Bxe5 26. h4 Qf5 27. Rf3 Bd6 28. Qb2 (28. Qb3 $17 Qe6 29. Qxe6 fxe6 30. Ne4) 28... Qg4 (28... Qc8 $19 29. Qb6 Qc7) 29. Nd1 $2 (29. Qb3 $17) 29... Qe4 30. Qb3 Qd5 31. Qb6 (31. Qxd5 $17 cxd5 32. Rb3) 31... e5 (31... c5 $19 {and Black stays clearly on top.} 32. Ra4 cxd4 33. Rxd4 Qc5) 32. Rxb7 $2 (32. Ne3 $17 Qxd4 33. Qb3) 32... exd4 $19 {[%emt 0:01:04] [#] aiming for ...c5.} 33. Nb2 c5 34. Rxb8 Rxb8 35. Qa5 Kg7 {[%emt 0:03:46] ( -> ...Rb3)} 36. Qd2 Rb3 37. Nd3 c4 {[%emt 0:00:35] Black mates.} 38. Ne1 Bb4 39. Qf4 Bxe1 {[%emt 0:00:19] Weighted Error Value: White=0.88/Black=0.35} 0-1

[Event "24th Hoogeschool Zeeland 2022"]
[Site "Vlissingen"]
[Date "2022.08.11"]
[Round "7.12"]
[White "Klepke, Ricardo"]
[Black "Duson, Robin"]
[Result "1/2-1/2"]
[ECO "A32"]
[WhiteElo "2293"]
[BlackElo "2027"]
[Annotator "TA"]
[PlyCount "84"]
[EventDate "2022.08.05"]
[EventType "swiss"]
[EventCountry "NED"]
[SourceTitle "playchess.com"]
[Source "ChessBase"]
[SourceQuality "1"]
[TimeControl "40/5400+30:1800+30"]

1. d4 Nf6 2. c4 e6 3. g3 c5 4. Nf3 cxd4 5. Nxd4 d5 6. Nc2 {[%emt 0:04:14] A32: Symmetrical English: 2 Nf3 Nf6 3 d4 cxd4 4 Nxd4 e6.} Be7 ({Much less strong is} 6... dxc4 7. Qxd8+ Kxd8 8. Bg2 $14) 7. Bg2 {[%emt 0:00:48] [#]} O-O $146 ({Predecessor:} 7... dxc4 8. Qxd8+ Bxd8 9. Nc3 a6 10. a4 Nbd7 11. Ne3 Ne5 12. f4 Ned7 13. Nxc4 Bc7 {0-1 (52) Rua,A-Rocha,T (1948) Brazil 2009}) 8. O-O dxc4 9. Qxd8 Rxd8 10. Nba3 Nd5 11. Nxc4 Nc6 12. N2e3 Nxe3 13. Bxe3 Bd7 14. Rfd1 Be8 15. a4 b6 16. Bf4 g5 17. Bd6 {[%emt 0:02:51] And now Bxc6 would win.} Kf8 18. b3 Rac8 19. Rac1 Na5 {[%emt 0:03:01] Threatens to win with ...Bxd6.} (19... Nd4 $5 20. Rxd4 Rxd6 $1 21. Rxd6 Bxd6 $15) 20. Bxe7+ Kxe7 21. Rxd8 Kxd8 22. Rd1+ Ke7 23. Nxa5 bxa5 $11 {[%emt 0:00:10][%mdl 4096] Endgame KRB-KRB} 24. Be4 (24. f4 $11 {might be stronger.}) 24... Rc3 $15 25. Rb1 Kd6 26. Bxh7 f5 27. g4 Rh3 ({Much worse is} 27... fxg4 $6 28. Bd3 $15) 28. Rd1+ {[%emt 0:02:05] [#]} Ke7 $1 29. Bg8 Rh8 (29... fxg4 $17 30. e3 Rh8 31. Bxe6 Kxe6) 30. Bxe6 $1 Kxe6 31. gxf5+ Kxf5 {[%emt 0:01:36] KRB-KR} 32. Rd5+ Kg4 33. Rxa5 Rh7 34. Re5 Bc6 35. Rc5 Be8 36. Re5 Bg6 37. b4 Rb7 (37... Kf4 $5 38. Rd5 Be4 $17) 38. b5 Bc2 (38... Kf4 $5 39. Re6 Bf7 40. e3+ Kf5 $17) 39. Rc5 {[%emt 0:00:00] [#]} (39. Kg2 $11 {keeps the balance.}) 39... Bd1 $1 $17 40. f3+ Kh4 ({Black should try} 40... Kh5 $17 41. h4 Bxa4 42. Rxg5+ Kh6) 41. Kf2 Re7 42. Rc1 Bb3 {[%emt 0:07:53] Weighted Error Value: White=0.14 (very precise) /Black=0.14 (very precise)} (42... Bxe2 $2 43. Re1 $18) 1/2-1/2

[Event "24th Hoogeschool Zeeland 2022"]
[Site "Vlissingen"]
[Date "2022.08.11"]
[Round "7.13"]
[White "Bezemer, Arno"]
[Black "Verwoert, Jef"]
[Result "1-0"]
[ECO "B30"]
[WhiteElo "2278"]
[BlackElo "1998"]
[Annotator "TA"]
[PlyCount "81"]
[EventDate "2022.08.05"]
[EventType "swiss"]
[EventCountry "NED"]
[SourceTitle "playchess.com"]
[Source "ChessBase"]
[SourceQuality "1"]
[TimeControl "40/5400+30:1800+30"]

1. e4 c5 2. Nf3 Nc6 3. Bb5 Nd4 4. Nxd4 cxd4 5. c3 a6 6. Ba4 {[%emt 0:05:25] B30: Sicilian: 2...Nc6 3 Bb5, lines without ...g6.} b5 7. Bc2 dxc3 8. Nxc3 {[%emt 0:00:23] White is slightly better.} Bb7 9. d4 g6 10. O-O {[%emt 0:00:54] White is more active.} Bg7 {[%emt 0:01:55] [#]} 11. Be3 $146 ({Predecessor:} 11. e5 f5 12. Bb3 Nh6 13. a4 b4 14. Nd5 Qa5 15. Ne3 f4 16. Nc4 Qc7 17. Bxf4 O-O 18. Qc1 Nf7 19. e6 Qc6 20. exf7+ Kh8 21. Ne3 Qe4 22. Be5 {1-0 (22) Vlasak,L (2375)-Bauma,J (2297) Czech Republic 2016}) 11... Nf6 12. f3 O-O 13. Qd2 Rc8 14. Rfc1 d6 15. a4 b4 16. Ne2 a5 17. Bd3 Rxc1+ 18. Rxc1 Qa8 19. Rc7 Rc8 20. Qc2 Qb8 21. Rxc8+ Qxc8 22. Qxc8+ Bxc8 23. Bb5 Bd7 24. Bxd7 (24. b3 $14) 24... Nxd7 $14 {[%emt 0:00:04][%mdl 4096] Endgame KBN-KBN} 25. Nc1 Kf8 26. Kf2 Ke8 (26... Nb6 $14 {is superior.}) 27. Ke2 (27. Nb3 $16) 27... Nb6 $11 28. b3 Kd7 29. d5 Kc7 30. Kd3 e6 31. Bxb6+ Kxb6 $14 {[%emt 0:00:07] KB-KN} 32. Kc4 h5 $2 {[%emt 0:01:11][%mdl 8192] [#]} (32... e5 $14) 33. Nd3 $2 (33. dxe6 $1 $18 {aiming for e7.} fxe6 34. Ne2) 33... e5 $1 34. Nb2 {[%emt 0:05:28] Kd3 is the strong threat.} Bh6 $2 {[%emt 0:00:49][%mdl 8192] [#]} (34... Bf6 $14) 35. Kd3 $1 $18 {[%emt 0:00:07] White is clearly winning.} Bf8 36. Nc4+ Ka6 37. g4 h4 38. g5 h3 (38... Be7 $142 39. h3 Kb7 40. Nxa5+ Kb6) 39. Ke3 Be7 40. f4 f6 41. gxf6 {[%emt 0:41:23] Weighted Error Value: White=0.23 (precise) /Black=0.49} (41. f5 $142 gxf5 42. g6 f4+ 43. Kf3) 1-0

[Event "24th Hoogeschool Zeeland 2022"]
[Site "Vlissingen"]
[Date "2022.08.11"]
[Round "7.14"]
[White "Bakker, Jouke"]
[Black "Ollenberger, Roland"]
[Result "1/2-1/2"]
[ECO "C00"]
[WhiteElo "2057"]
[BlackElo "2264"]
[Annotator "TA"]
[PlyCount "170"]
[EventDate "2022.08.05"]
[EventType "swiss"]
[EventCountry "NED"]
[SourceTitle "playchess.com"]
[Source "ChessBase"]
[SourceQuality "1"]
[TimeControl "40/5400+30:1800+30"]

1. e4 c5 2. Nf3 e6 3. g3 Nc6 4. Bg2 Nf6 5. Qe2 Qc7 6. O-O d6 {[%emt 0:00:41] 6...Be7 is more advanced technology.} 7. c3 Be7 {[%emt 0:02:06] C00: French: Unusual White 2nd moves.} 8. Rd1 O-O 9. d4 e5 {[%emt 0:02:56] White is slightly better.} 10. Na3 (10. d5 $5 Na5 11. b3 $14 (11. b4 cxb4 12. cxb4 Nc4 $14)) 10... Bg4 (10... exd4 $11 11. cxd4 (11. Nb5 Qb6 $11) 11... Bg4) 11. dxc5 (11. d5 $16) 11... dxc5 $14 {[%emt 0:00:15] [#]} 12. Nc4 $146 ({Predecessor:} 12. h3 Bxf3 13. Qxf3 a6 14. Nc4 Rfd8 15. Bg5 Nd7 16. Bxe7 Nxe7 17. Bf1 b5 18. Ne3 {1-0 (65) Joly,J (2188)-Grancher,E (1987) Europe Echecs INT 2020}) 12... Rad8 13. Bg5 Be6 14. Bxf6 Bxf6 15. Ne3 Rxd1+ 16. Nxd1 Rd8 17. Ne3 g6 18. h4 Be7 19. Ne1 Rd7 20. N1c2 Qd8 21. Nd5 Bf8 22. b3 Bg7 23. Rd1 a6 24. Nde3 (24. Nce3 $14) 24... Rxd1+ $15 25. Nxd1 Qa5 ({Black should try} 25... c4 $1 $15) 26. Nce3 $11 b5 27. Nd5 Bh6 28. N1e3 Kf8 29. h5 Ne7 30. Ng4 {[%emt 0:02:27] Pair of Knights!} Bg7 31. h6 Bh8 32. Ngf6 Bxd5 33. Nxd5 Nxd5 34. exd5 {[%emt 0:00:05][%mdl 4096] [#] Endgame d6 is the strong threat. KQB-KQB} Qb6 (34... Qxc3 $2 35. Qg4 f5 36. Qh4 $18) 35. g4 Bf6 36. Qe3 Qd6 37. a4 Bd8 38. axb5 axb5 39. Qe2 Bg5 40. Qxb5 Bxh6 41. Qc6 Ke7 42. b4 cxb4 43. cxb4 Bd2 44. b5 Ba5 {[%emt 0:01:45] Prevents b6.} 45. Qb7+ Bc7 46. Qc6 Kf6 47. Qxd6+ Bxd6 {[%emt 0:00:05] KB-KB} 48. Be4 Kg5 49. Bf3 Kf4 50. Kg2 Bc5 51. Bd1 f6 52. f3 Ke3 53. Bb3 Bd6 54. b6 Kd4 55. b7 Kc5 56. Kf2 Kb6 57. Ba4 Kxb7 58. Be8 Kc7 59. Bf7 Kd7 60. Bg8 Ke7 61. Kg2 Kf8 62. Be6 Kg7 63. Kf2 Kh6 64. Bg8 f5 65. Kg2 Kg7 66. Be6 Kf6 67. Kh3 (67. Bg8 $15) 67... e4 $17 68. fxe4 fxe4 69. Kg2 Kg5 70. Kf2 Kf4 71. Ke2 Bc5 72. Bd7 Kg3 (72... Ke5 $17 73. Be6 h6) 73. Be6 $15 Kf4 (73... g5 $15) 74. Bc8 $2 (74. Bd7 $11) 74... Kg5 (74... Ke5 $17 75. Be6 h6) 75. Be6 Kf4 (75... Kf6 $15) 76. Bc8 $2 (76. Bd7 $11) 76... h5 (76... Ke5 $17 77. Be6 h6) 77. gxh5 gxh5 78. Bh3 $1 h4 79. Bc8 {[%emt 0:00:07] [#]} (79. Bg2 $15) 79... Bb6 ({Black should play} 79... Ke5 $1 $17) 80. Bh3 (80. d6 $11) 80... Kg3 ({Better is} 80... Bc7 $15) 81. Bf5 $11 {[%emt 0:00:07] The position is equal.} e3 82. d6 Kf4 83. Bh3 Bd8 84. d7 Bg5 85. Be6 Ke5 {[%emt 0:00:21] Weighted Error Value: White=0.10 (very precise) /Black=0.08 (flawless)} 1/2-1/2

[Event "24th Hoogeschool Zeeland 2022"]
[Site "Vlissingen"]
[Date "2022.08.11"]
[Round "7.15"]
[White "Marzano, Carlo"]
[Black "Laux, Dominik"]
[Result "1/2-1/2"]
[ECO "D36"]
[WhiteElo "2079"]
[BlackElo "2320"]
[Annotator "TA"]
[PlyCount "42"]
[EventDate "2022.08.05"]
[EventType "swiss"]
[EventCountry "NED"]
[SourceTitle "playchess.com"]
[Source "ChessBase"]
[SourceQuality "1"]
[TimeControl "40/5400+30:1800+30"]

1. d4 d5 2. c4 c6 3. Nf3 Nf6 4. Nc3 e6 5. cxd5 exd5 6. Qc2 g6 7. Bg5 Be7 8. e3 Bf5 9. Bd3 Bxd3 10. Qxd3 Nbd7 11. O-O O-O 12. Rab1 a5 13. a3 Re8 14. Qc2 {[%emt 0:00:16] The position is equal.} Ne4 {[%emt 0:10:02] D36: Queen's Gambit Declined: Exchange Variation: Main line (5 Bg5 c6 6 Qc2).} 15. Bxe7 Qxe7 16. Rfc1 Ndf6 17. h3 {[%emt 0:06:47] [#]} Nd6 $146 ({Predecessor:} 17... Nxc3 18. Qxc3 Ne4 19. Qc2 Nd6 20. Ne5 f6 21. Nd3 Qe4 22. Nc5 Qxc2 23. Rxc2 Re7 {½-½ (31) Kalodoukas,O (1752)-Ladas,D (1668) Nikaia 2012}) 18. Ne5 Nfe4 19. Nxe4 Nxe4 20. Nd3 h5 21. a4 Kg7 {[%emt 0:08:53] A rather calm draw.  Weighted Error Value: White=0.01 (flawless) /Black=0.03 (flawless)} 1/2-1/2